 Dungeon Crawl Stone Soup version 0.23-a0-833-g31c0f47 (webtiles) character file.

26940 DrEnzyme the Fighter (level 13, -3/145 HPs)
             Began as a Troll Wanderer on Jan 23, 2019.
             Was a High Priest of Makhleb.
             Shot with an arrow by a centaur warrior (23 damage)
             ... on level 14 of the Dungeon.
             The game lasted 00:58:47 (16119 turns).

DrEnzyme the Fighter (Troll Wanderer)              Turns: 16119, Time: 00:58:48

Health: -3/145     AC: 12    Str: 27    XL:     13   Next: 1%
Magic:  12/12      EV: 10    Int:  8    God:    Makhleb [*****.]
Gold:   938        SH:  0    Dex:  9    Spells: 12/12 levels left

rFire    . . .     SeeInvis +   M - +1 battleaxe (flame)
rCold    + . .     Gourm    +   (shield currently unavailable)
rNeg     . . .     Faith    +   e - +0 robe
rPois    +         Spirit   .   n - +1 hat {SInv}
rElec    .         Reflect  .   G - +2 cloak
rCorr    .         Harm     .   (gloves unavailable)
MR       .....     Clarity  +   (boots unavailable)
Stlth    +.........             y - amulet of faith
HPRegen  0.74/turn              p - ring of poison resistance
MPRegen  0.13/turn              v - ring of protection from cold

@: about to teleport
A: large, unfitting armour, claws 3, thin metallic scales 1, clarity, fast
metabolism 3, gourmand, mutation resistance 1, regeneration 1, shaggy fur 1,
tough skin 3
a: Minor Destruction, Lesser Servant of Makhleb, Major Destruction, Greater
Servant of Makhleb, Renounce Religion


You were on level 14 of the Dungeon.
You worshipped Makhleb.
Makhleb was extremely pleased with you.
You were very full.

You visited 4 branches of the dungeon, and saw 18 of its levels.
You also visited: Ossuary.

You collected 964 gold pieces.
You spent 26 gold pieces at shops.

Inventory:

Hand Weapons
 b - a +2 blowgun
 M - a +1 battleaxe of flaming (weapon)
Missiles
 j - 89 poisoned needles
 u - 15 needles of confusion
Armour
 e - a +0 robe (worn)
 n - a +1 hat of see invisible (worn)
 w - a +2 hat
 G - a +2 cloak (worn)
Jewellery
 p - a ring of poison resistance (left claw)
 r - an uncursed ring of ice
 t - an uncursed ring of protection from fire
 v - a ring of protection from cold (right claw)
 y - an amulet of faith (around neck)
 F - an uncursed ring of fire
 I - an uncursed ring of flight
Wands
 a - a wand of digging (4)
 k - a wand of iceblast (1)
 E - a wand of clouds (5)
 J - a wand of enslavement (14)
 L - a wand of flame (22)
Scrolls
 c - a scroll of brand weapon {unknown}
 d - a scroll of amnesia
 g - 6 scrolls of remove curse
 i - 2 scrolls of identify
 m - 3 scrolls of teleportation
 q - 3 scrolls of fog
 C - a scroll of immolation
Potions
 h - 3 potions of cancellation
 l - 8 potions of flight
 s - 4 potions of magic
 x - 3 potions of brilliance
 z - 4 potions of mutation
 A - a potion of agility
 B - 5 potions of curing
 D - a potion of ambrosia
 H - a potion of lignification
 K - a potion of might
Comestibles
 f - 21 rations


   Skills:
 + Level 13.7 Fighting
 - Level 1.7 Throwing
 - Level 5.6 Armour
 - Level 2.6 Dodging
 + Level 13.1 Unarmed Combat


You had 12 spell levels left.
You didn't know any spells.
Your spell library contained the following spells:

 Spells                   Type           Power        Failure   Level  Hunger
 Animate Skeleton         Necr           N/A          41%         1    ##.....
 Apportation              Tloc           #.....       41%         1    ##.....
 Confusing Touch          Hex            #.....       41%         1    ##.....
 Flame Tongue             Conj/Fire      #....        41%         1    ##.....
 Pain                     Necr           #...         41%         1    ##.....
 Summon Small Mammal      Summ           #...         41%         1    ##.....
 Blink                    Tloc           N/A          54%         2    ###....
 Poisonous Vapours        Pois/Air       #.....       54%         2    ###....
 Shroud of Golubria       Chrm/Tloc      #.........   54%         2    ###....
 Throw Flame              Conj/Fire      #.....       54%         2    ###....
 Conjure Flame            Conj/Fire      #.......     78%         3    ####...
 Gell's Gravitas          Tloc           #.........   78%         3    ####...
 Inner Flame              Hex/Fire       #.......     78%         3    ####...
 Lesser Beckoning         Tloc           #.........   78%         3    ####...
 Mephitic Cloud           Conj/Pois/Air  #.......     78%         3    ####...
 Regeneration             Chrm/Necr      #.........   78%         3    ####...
 Static Discharge         Conj/Air       #.......     78%         3    ####...
 Teleport Other           Tloc           #.......     78%         3    ####...
 Vampiric Draining        Necr           #.........   78%         3    ####...
 Animate Dead             Necr           N/A          99%         4    #####..
 Passage of Golubria      Tloc           N/A          99%         4    #####..
 Sticky Flame             Conj/Fire      #.......     99%         4    #####..
 Fireball                 Conj/Fire      #.........   100%        5    ######.
 Lightning Bolt           Conj/Air       #.........   100%        5    ######.
 Freezing Cloud           Conj/Ice/Air   #.........   100%        6    #######
 Ring of Flames           Chrm/Fire      #.........   100%        7    #######
 Ignition                 Fire           #.........   100%        8    #######
 Shatter                  Erth           #.........   100%        9    #######
 Tornado                  Air            #.........   100%        9    #######


Dungeon Overview and Level Annotations

Branches:
Dungeon (11/15)            Temple (1/1) D:7            Lair (4/6) D:8
  Swamp (0/4) Lair:3       Spider (0/4) Lair:3          Orc (1/2) D:9

Altars:
Ashenzari
Cheibriados
Dithmenos
Elyvilon
Fedhas
Gozag
Hepliaklqana
Kikubaaqudgha
Makhleb
Nemelex Xobeh
Okawaru
Qazlal
Ru
Sif Muna
Trog
Uskayaw
Vehumet
Wu Jian
Xom
Yredelemnul
Zin
The Shining One

Shops:
D:6 *   D:10 (

Annotations:
D:3 1 runed door, exclusion: door
D:4 exclusion: downstairs
D:5 exclusion: door
D:6 exclusion: downstairs
D:7 exclusion: downstairs
D:8 2 transporters, exclusion: downstairs
D:9 exclusion: downstairs
Lair:2 exclusion: 2 downstairs
Lair:3 exclusion: 3 downstairs


Innate Abilities, Weirdness & Mutations

You are too large for most types of armour.
You have claws for hands.
Your metabolism is lightning-fast.
You like to eat raw meat.
Your natural rate of healing is unusually fast.
You are covered in fur. (AC +1)
You have extremely tough skin. (AC +3)
You are partially covered in thin metallic scales. (AC +2)
You possess an exceptional clarity of mind.
You are somewhat resistant to further mutation.


Message History

The seven-headed hydra misses you.
The seven-headed hydra bites you but does no damage. x2
Unknown command.
The centaur warrior shouts!
The centaur warrior wields a +0 shortbow.
The centaur warrior shoots an arrow.
The arrow hits you!
The centaur warrior shoots an arrow.
The arrow hits you!
You see here 2 arrows.
Unknown command.
As you read the scroll of teleportation, it crumbles to dust.
You feel strangely unstable. The seven-headed hydra bites you. x2
The seven-headed hydra bites you but does no damage.
The seven-headed hydra bites you!
The seven-headed hydra barely misses you.
The seven-headed hydra bites you!
* * * LOW HITPOINT WARNING * * *
The seven-headed hydra bites you!
* * * LOW HITPOINT WARNING * * *
The centaur warrior shoots an arrow.
The arrow hits you!!
You die...

,,,,,**##...............#
,,,,,,.........##.......#
,,,,,,.........##...c...#
,,.............##.......#
,,.............##.).....#
,,.............##.......#
,,......................#
,,......................#
,,..............@.#####.#
,,.............##D# *.#
,,.............##.# *,#
,,.............##.# *,*
,,.............##.# *,*
,,.............##.# *,*
,,.............##.# *,*
,,.............##.# *,*
,,................# *,*


You could see a seven-headed hydra and a centaur warrior.

Vanquished Creatures
  Gastronok (Lair:3)
  A hydra (Lair:3)
  3 two-headed ogres (D:9)
  5 death yaks
  An unseen horror (D:10)
  Joseph (D:7)
  2 black mambas
  7 spiny frogs
  A gargoyle (D:14)
  2 komodo dragons
  A polar bear (Lair:3)
  A troll (D:11)
  4 blink frogs (Lair:1)
  5 hippogriffs
  A slime creature (D:5)
  A spriggan (Lair:3)
  A tarantella (Lair:3)
  A wyvern (Lair:4)
  A wraith (D:9)
  A human (shapeshifter) (D:14)
  2 basilisks
  18 yaks
  Menkaure (D:7)
  A hungry ghost (D:9)
  An acid dragon (D:11)
  6 water moccasins
  10 orc warriors
  7 porcupines
  6 sky beasts
  3 black bears
  An ogre (D:11)
  3 necrophages
  A phantom (D:5)
  5 centaurs
  6 wolves (Lair:3)
  4 crocodiles
  9 big kobolds
  13 bullfrogs
  A wyvern zombie (D:8)
  A troll zombie (D:9)
  A scorpion (Lair:4)
  6 killer bees
  16 wights
  A howler monkey (D:5)
  2 crimson imps (D:7)
  A bullfrog zombie (D:6)
  9 jellies
  3 quasits
  A centaur skeleton (D:11)
  7 orc priests
  6 hounds
  15 orc wizards
  A bullfrog skeleton (D:9)
  3 iguanas
  5 worker ants
  A big kobold zombie (Ossuary)
  7 ogre zombies (D:9)
  2 hound zombies
  A hound skeleton (D:11)
  4 mummies
  2 worker ant zombies
  Robin (D:3)
  11 adders
  3 gnolls (D:5)
  A shadow imp (D:5)
  2 oozes (D:5)
  2 adder skeletons
  A dart slug (D:4)
  3 leopard geckos
  51 orcs
  A ball python (D:1)
  A giant cockroach (D:1)
  A gnoll zombie (Ossuary)
  14 goblins
  12 hobgoblins
  6 jackals
  A quokka (D:5)
  2 bats
  3 frilled lizards
  2 goblin skeletons (D:9)
  4 goblin zombies
  A hobgoblin skeleton (D:9)
  6 hobgoblin zombies
  18 kobolds
  A kobold zombie (Ossuary)
  2 orc skeletons (D:9)
  15 orc zombies (D:9)
  9 rats
408 creatures vanquished.

Vanquished Creatures (others)
  A quokka (D:9)
  9 fungi
  2 plants
  10 toadstools (D:5)
22 creatures vanquished.

Grand Total: 430 creatures vanquished

Notes
Turn   | Place    | Note
-------+----------+-------------------------------------------
     0 | D:1      | DrEnzyme the Troll Wanderer began the quest for the Orb.
     0 | D:1      | DrEnzyme set off with the following items: 4 curare-tipped
                  | needles, a +2 blowgun, a +0 mace, a +0 spear, a +0 robe, 2
                  | rations
     0 | D:1      | Reached XP level 1. HP: 23/23 MP: 0/0
    99 | D:1      | Reached skill level 1 in Unarmed Combat
   158 | D:1      | Reached XP level 2. HP: 28/31 MP: 1/1
  1018 | D:2      | Reached XP level 3. HP: 37/37 MP: 2/2
  1734 | D:3      | Noticed Robin
  1746 | D:3      | Reached XP level 4. HP: 39/45 MP: 3/3
  1758 | D:3      | Killed Robin
  2120 | D:3      | Noticed a big kobold
  2131 | D:3      | Killed a big kobold
  2131 | D:3      | Reached XP level 5. HP: 53/53 MP: 4/4
  2135 | D:3      | Reached skill level 5 in Unarmed Combat
  2532 | D:3      | Found a runed door.
  2587 | D:4      | Reached XP level 6. HP: 58/61 MP: 5/5
  3269 | D:5      | Entered Level 5 of the Dungeon
  3293 | D:5      | Found a glowing golden altar of the Shining One.
  3391 | D:5      | Reached XP level 7. HP: 63/71 MP: 6/6
  3417 | D:5      | Reached skill level 5 in Fighting
  3560 | D:5      | Noticed a slime creature
  3560 | D:5      | Noticed a slime creature
  3560 | D:5      | Noticed a slime creature
  3575 | D:5      | Reached XP level 8. HP: 80/84 MP: 7/7
  3689 | D:5      | Killed a slime creature
  4660 | D:6      | Found Byagg's Assorted Antiques.
  4675 | D:6      | Bought a scroll labeled GEDOH AJOSOASCH for 26 gold pieces
  4949 | D:6      | Found a sand-covered staircase.
  4953 | Ossuary  | Entered an ossuary
  5208 | Ossuary  | Gained mutation: You tend to lose your temper in combat.
                  | [potion of mutation]
  5208 | Ossuary  | Gained mutation: You are clumsy. (Dex -2) [potion of
                  | mutation]
  5208 | Ossuary  | Gained mutation: You are partially covered in thin metallic
                  | scales. (AC +2) [potion of mutation]
  5208 | Ossuary  | Gained mutation: You are partially covered in molten
                  | scales. (AC +2) [potion of mutation]
  5209 | Ossuary  | Lost mutation: You are clumsy. (Dex -2) [potion of
                  | mutation]
  5209 | Ossuary  | Lost mutation: You tend to lose your temper in combat.
                  | [potion of mutation]
  5209 | Ossuary  | Lost mutation: You are partially covered in molten scales.
                  | (AC +2) [potion of mutation]
  5209 | Ossuary  | Gained mutation: You possess an exceptional clarity of
                  | mind. [potion of mutation]
  5209 | Ossuary  | Gained mutation: You are somewhat resistant to further
                  | mutation. [potion of mutation]
  5453 | D:6      | Found a radiant altar of Vehumet.
  5536 | D:6      | Found a shimmering altar of Xom.
  5537 | D:6      | Found an ornate altar of the Wu Jian Council.
  6139 | D:7      | Noticed a hippogriff
  6165 | D:7      | Killed a hippogriff
  6165 | D:7      | Reached XP level 9. HP: 97/97 MP: 8/8
  6214 | D:7      | Found a snail-covered altar of Cheibriados.
  6570 | D:7      | Noticed Menkaure
  6579 | D:7      | Killed Menkaure
  6579 | D:7      | Reached skill level 10 in Fighting
  6680 | D:7      | Noticed Joseph
  6701 | D:7      | Killed Joseph
  6774 | D:7      | Found a bloodstained altar of Trog.
  7292 | D:7      | Found a staircase to the Ecumenical Temple.
  7433 | Temple   | Entered the Ecumenical Temple
  7440 | Temple   | Upgraded the game from 0.23-a0-831-g5da158a to
                  | 0.23-a0-833-g31c0f47
  7454 | Temple   | Became a worshipper of Makhleb the Destroyer
  7815 | D:8      | Found a staircase to the Lair.
  7822 | D:8      | Reached skill level 5 in Armour
  7822 | D:8      | Reached XP level 10. HP: 107/110 MP: 9/9
  7917 | D:8      | Found a transporter.
  7944 | D:8      | Noticed a yaktaur captain
  7946 | D:8      | Noticed a skeletal warrior
  7954 | D:8      | Found a transporter.
  8108 | D:8      | Reached * piety under Makhleb
  8263 | D:9      | Found a staircase to the Orcish Mines.
  8416 | D:9      | Found a blossoming altar of Fedhas.
  8654 | D:9      | Reached ** piety under Makhleb
  8824 | D:9      | Found a white marble altar of Elyvilon.
  8978 | D:9      | Reached *** piety under Makhleb
  9107 | D:9      | Noticed a two-headed ogre
  9129 | D:9      | Killed a two-headed ogre
  9129 | D:9      | Reached skill level 10 in Unarmed Combat
  9521 | D:10     | Entered Level 10 of the Dungeon
  9531 | D:10     | Noticed a two-headed ogre
  9632 | D:9      | Killed a two-headed ogre
  9632 | D:9      | Reached XP level 11. HP: 90/118 MP: 10/10
  9677 | D:10     | Noticed a two-headed ogre
  9829 | D:9      | Killed a two-headed ogre
 10089 | Orc:1    | Entered Level 1 of the Orcish Mines
 10191 | D:9      | Reached **** piety under Makhleb
 10335 | Lair:1   | Entered Level 1 of the Lair of Beasts
 10647 | Lair:1   | Noticed a six-headed hydra
 11327 | Lair:2   | Noticed a four-headed hydra
 12555 | Lair:3   | Noticed Gastronok
 12565 | Lair:3   | Reached XP level 12. HP: 126/130 MP: 11/11
 12574 | Lair:3   | Killed Gastronok
 12603 | Lair:3   | Noticed a death yak
 12603 | Lair:3   | Noticed a death yak
 12603 | Lair:3   | Noticed a death yak
 12604 | Lair:3   | Noticed a death yak
 12605 | Lair:3   | Noticed a death yak
 12884 | Lair:3   | Noticed a four-headed hydra
 12898 | Lair:3   | Killed a one-headed hydra
 13002 | Lair:3   | Found a hole to the Spider Nest.
 13132 | Lair:3   | Found a staircase to the Swamp.
 13468 | Lair:2   | Killed a death yak
 13583 | Lair:2   | Killed a death yak
 13681 | Lair:2   | Killed a death yak
 13896 | Lair:2   | Killed a death yak
 14075 | Lair:3   | Killed a death yak
 14241 | Lair:4   | Noticed a catoblepas
 14434 | Lair:4   | Noticed a five-headed hydra
 14461 | Lair:3   | Reached ***** piety under Makhleb
 14900 | D:10     | Found Nyvewn's Weapon Emporium.
 15927 | D:11     | You fall through a shaft for 3 floors!
 15930 | D:14     | Noticed an eight-headed hydra
 15940 | D:14     | Reached XP level 13. HP: 123/145 MP: 12/12
 16119 | D:14     | Shot with an arrow by a centaur warrior

Vault maps used:
D:1:      minmay_arrival_split_and_join, minmay_misc_feat_four_crosses
D:3:      cheibrodos_thug_alley, uniq_crazy_yiuf_cottage, uniq_robin
D:4:      first_ration
D:5:      cheibrodos_fertilizer, tso_metal_star
D:6:      minmay_angry_zag, vehumet_crystals,
          chequers_temple_overflow_statue_of_worship,
          lightli_ossuary_entry_decrepit_ruins, serial_shops,
          nicolae_shop_overgrown_old_shop
D:7:      bloody_trog, slow_altar_1, minmay_temple_entry_stoned_glass,
          uniq_joseph, uniq_menkaure
D:8:      gammafunk_sealed_arena, grunt_lair_entry_orc_guard_hut, serial_undead,
          serial_undead_d, serial_undead_b, serial_undead_c, serial_undead_a,
          serial_undead_e, serial_undead_e, serial_undead_e
D:9:      elyvilon_altar_4, zombieorc2_lemuel, basic_altar
D:10:     serial_shops, nicolae_shop_behind_doors
D:14:     grunt_vaults_entry_fortified
Temple:   nicolae_temple_no_exploring_needed
Lair:1:   hibernation_bobbens
Lair:3:   minmay_swamp_entry_worms, spider_nest_entry_rubble,
          forest_entry_grove, uniq_gastronok
Lair:4:   infiniplex_staircase_pool_2
Orc:1:    uniq_nergalle
Ossuary:  ossuary_crypta

Skill      XL: |  1  2  3  4  5  6  7  8  9 10 11 12 |
---------------+-------------------------------------+-----
Unarmed Combat | 1 2 3 4 5 6 10 12 13 | 13.1
Fighting       | 4 6 9 10 11 13 | 13.7
Armour         | 5 |  5.6
Throwing       | |  1.7
Dodging        | |  2.6

Action                   |  1- 3 |  4- 6 |  7- 9 | 10-12 | 13-15 || total
-------------------------+-------+-------+-------+-------+-------++-------
Melee: Mace              |    95 |       |       |       |       ||    95
       Unarmed           |    21 |   114 |   331 |   727 |     4 ||  1197
       Punch             |       |     1 |    10 |    37 |       ||    48
       Blowgun           |       |       |     5 |       |       ||     5
       Battleaxe         |       |       |       |     5 |     2 ||     7
 Fire: Blowgun           |       |       |    61 |    51 |       ||   112
Evoke: Wand              |       |     1 |     5 |     1 |     4 ||    11
  Use: Scroll            |     2 |     2 |     8 |    13 |     2 ||    27
       Potion            |       |     2 |     5 |     5 |       ||    12
 Stab: Sleeping          |     1 |       |       |       |       ||     1
       Confused          |       |       |     3 |       |       ||     3
  Eat: Chunk             |    18 |    14 |    42 |    69 |     1 ||   144
       Ration            |       |       |     1 |     3 |       ||     4
Armor: Robe              |    60 |    30 |   115 |   327 |    14 ||   546
       Skin              |       |    24 |       |       |       ||    24
Dodge: Dodged            |    70 |    50 |   108 |   331 |    16 ||   575

Table legend:
 A = Non-vault XP
 B = Vault XP
 C = Vault XP percentage of total XP
 D = Non-vault monster count
 E = Vault monster count
 F = Vault count percentage of total count
                 A         B        C        D         E       F
            +---------+---------+-------+---------+---------+-------
      Total |   30922 |    7565 |  19.7 |     297 |     111 |  27.2
            +---------+---------+-------+---------+---------+-------
        D:1 |      34 |       0 |   0.0 |      19 |       0 |   0.0
        D:2 |      48 |       0 |   0.0 |      16 |       0 |   0.0
        D:3 |      20 |     237 |  92.2 |       7 |      21 |  75.0
        D:4 |     366 |       0 |   0.0 |      15 |       0 |   0.0
        D:5 |     458 |     949 |  67.4 |      18 |      17 |  48.6
        D:6 |     498 |     146 |  22.7 |      13 |       3 |  18.8
        D:7 |    1667 |     761 |  31.3 |      39 |       4 |   9.3
        D:8 |     351 |     768 |  68.6 |      11 |       9 |  45.0
        D:9 |    5606 |     703 |  11.1 |      45 |      36 |  44.4
       D:10 |    1854 |       0 |   0.0 |      19 |       0 |   0.0
       D:11 |    2180 |       0 |   0.0 |      26 |       0 |   0.0
       D:14 |     613 |       0 |   0.0 |       2 |       0 |   0.0
     Lair:1 |    4559 |     343 |   7.0 |      20 |       1 |   4.8
     Lair:2 |    5732 |       0 |   0.0 |      15 |       0 |   0.0
     Lair:3 |    5090 |    3569 |  41.2 |      20 |       9 |  31.0
     Lair:4 |    1774 |       0 |   0.0 |       9 |       0 |   0.0
      Orc:1 |      72 |       0 |   0.0 |       3 |       0 |   0.0
    Ossuary |       0 |      89 | 100.0 |       0 |      11 | 100.0
            +---------+---------+-------+---------+---------+-------
